 Dungeon Crawl Stone Soup version 0.26-a0-651-gb41185065b (webtiles) character file.

Game seed: 15968436346470972858

654597 Ozzies the Conqueror (level 27, -9/273 HPs)
             Began as a Minotaur Fighter on Oct 3, 2020.
             Was the Champion of Okawaru.
             Killed from afar by an ancient lich (45 damage)
             ... with an iron shot
             ... on level 5 of the Realm of Zot.
             The game lasted 02:27:07 (65989 turns).

Ozzies the Conqueror (Minotaur Fighter)            Turns: 65989, Time: 02:27:09

Health: -9/273     AC: 53    Str: 43    XL:     27
Magic:  6/34       EV: 14    Int:  3    God:    Okawaru [******]
Gold:   9019       SH: 23    Dex:  7    Spells: 26/26 levels left

rFire    + + +     SeeInvis .   I - +9 broad axe (flame)
rCold    + + .     Faith    .   W - +3 kite shield {rC+}
rNeg     + . .     Spirit   .   u - +10 gold dragon scales
rPois    +         Reflect  .   (helmet restricted)
rElec    +         Harm     .   L - +2 cloak {rPois}
rCorr    +         Rampage  .   X - +2 pair of gloves {Str+3}
MR       ++...     Rnd*Rage +   a - +2 pair of boots "Coehuq" {rF+} Stlth ..........Rnd*Tele +
                                z - amulet "Avum" {Regen+ MP+9}
HPRegen  0.00/turn              c - ring of Fituowna {rN+ Str+4 Int+2 Stlth+}
MPRegen  0.24/turn              P - ring "Wyliarr" {rElec rCorr Str+3}

@: finesse, very slightly contaminated, invisible
A: retaliatory headbutt, horns 2, iridescent scales 1, slimy green scales 1,
berserk 1, blurry vision 1, clumsy 1, deterioration 2, dopey 2, fire resistance
1, low mp 1, sense surroundings 1, inhibited regeneration, teleportitis 2, weak
1, subdued magic 1
}: 3/15 runes: decaying, serpentine, silver
a: Heroism, Finesse, Renounce Religion


You were on level 5 of the Realm of Zot.
You worshipped Okawaru.
Okawaru was exalted by your worship.
You visited 11 branches of the dungeon, and saw 51 of its levels.
You visited the Abyss 1 time.

You collected 12154 gold pieces.
You spent 3135 gold pieces at shops.

Inventory:

Hand Weapons
 r - a +9 broad axe of draining
 I - a +9 broad axe of flaming (weapon)
 J - the +9 broad axe "Nusinomo" {holy, rElec}
   (You found it on level 15 of the Dungeon)

   It has been blessed by the Shining One to cause great damage to the undead
   and demons.
   It insulates you from electricity.
 K - a +8 broad axe of freezing
Armour
 a - the +2 pair of boots "Coehuq" (worn) {rF+}
   (You acquired it on level 15 of the Dungeon)

   It protects you from fire.
 q - the +2 hat of the Bear Spirit {Spirit, +Rage rN+ MR++}
   (Okawaru gifted it to you on level 1 of the Vaults)

   It protects you from negative energy.
   It affects your resistance to hostile enchantments.
   It lets you go berserk.
 s - the +0 pair of boots of Quantum Leap {Int+2 Dex+7}
   (Okawaru gifted it to you on level 1 of the Realm of Zot)

   It affects your intelligence (+2).
   It affects your dexterity (+7).
 u - +10 gold dragon scales (worn)
 L - a +2 cloak of poison resistance (worn)
 M - a scarf of repulsion
 W - a +3 kite shield of cold resistance (worn)
 X - a +2 pair of gloves of strength (worn)
 Z - a +2 cloak of preservation
Jewellery
 b - an uncursed amulet of guardian spirit
 c - the ring of Fituowna (left hand) {rN+ Str+4 Int+2 Stlth+}
   (You found it on level 5 of the Vaults)

   [ring of positive energy]

   It affects your strength (+4).
   It affects your intelligence (+2).
   It protects you from negative energy.
   It makes you more stealthy.
 g - a cursed ring of protection from magic
 l - the amulet "Sen Reurche" {Reflect Int+9 Slay-2 SH+5 SInv Stlth+}
   (You acquired it on level 15 of the Dungeon)

   [amulet of reflection]

   It shields you and reflects attacks.
   It affects your intelligence (+9).
   It affects your accuracy and damage with ranged weapons and melee attacks
   (-2).
   It lets you see invisible.
   It affects your SH (+5).
   It makes you more stealthy.
 p - the ring of Joatao {rF+ Int+6 SInv}
   (You acquired it on level 15 of the Dungeon)

   [ring of intelligence]

   It affects your intelligence (+6).
   It protects you from fire.
   It lets you see invisible.
 w - the ring of Cekaweq {rPois rN+ Int+4}
   (You found it on level 3 of the Crypt)

   [ring of positive energy]

   It affects your intelligence (+4).
   It protects you from poison.
   It protects you from negative energy.
 y - an uncursed ring of protection from cold
 z - the amulet "Avum" (around neck) {Regen+ MP+9}
   (You found it on level 5 of the Vaults)

   [amulet of regeneration]

   It affects your magic capacity (+9).
   It increases your rate of regeneration.
 D - the ring "Umeurgh" {rN+ Slay+2}
   (You found it on level 3 of the Crypt)

   [ring of positive energy]

   It affects your accuracy and damage with ranged weapons and melee attacks
   (+2).
   It protects you from negative energy.
 E - an uncursed ring of ice
 H - an uncursed ring of wizardry
 P - the ring "Wyliarr" (right hand) {rElec rCorr Str+3}
   (You found it on level 2 of the Depths)

   [ring of resist corrosion]

   It affects your strength (+3).
   It insulates you from electricity.
   It provides partial protection from all sources of acid and corrosion.
 V - an uncursed ring of protection from magic
Wands
 T - a wand of digging (13)
Scrolls
 e - 35 scrolls of identify
 f - 29 scrolls of teleportation
 i - 21 scrolls of remove curse
 n - 2 scrolls of silence
 v - 7 scrolls of fear
 B - a scroll of enchant weapon
 G - 3 scrolls of fog
 O - 5 scrolls of amnesia
 Q - 6 scrolls of magic mapping
 U - 9 scrolls of blinking
 Y - 2 scrolls of summoning
Potions
 d - 6 potions of might
 h - 7 potions of flight
 j - 9 potions of berserk rage
 k - 4 potions of heal wounds
 m - 24 potions of curing
 o - 3 potions of brilliance
 t - 5 potions of invisibility
 x - 5 potions of resistance
 A - 6 potions of stabbing
 C - 4 potions of cancellation
 F - a potion of ambrosia
 N - 4 potions of haste
 R - 4 potions of magic
 S - 2 potions of mutation


   Skills:
 O Level 27 Fighting
 O Level 27 Axes
 O Level 27 Armour
 - Level 16.0 Dodging
 + Level 26.7 Shields
 - Level 8.0 Invocations


You had 26 spell levels left.
You didn't know any spells.
Your spell library contained the following spells:

 Spells                   Type           Power        Failure   Level
 Animate Skeleton         Necr           #.....       87%         1
 Apportation              Tloc           #.....       87%         1
 Corona                   Hex            #......      87%         1
 Foxfire                  Conj/Fire      #...         87%         1
 Freeze                   Ice            #...         87%         1
 Magic Dart               Conj           #...         87%         1
 Sandblast                Erth           #.....       87%         1
 Sting                    Tmut/Pois      #...         87%         1
 Summon Small Mammal      Summ           #...         87%         1
 Blink                    Tloc           N/A          95%         2
 Call Imp                 Summ           #.......     95%         2
 Corpse Rot               Necr/Air       N/A          95%         2
 Ensorcelled Hibernation  Hex/Ice        #.....       95%         2
 Passwall                 Tmut/Erth      #.......     95%         2
 Poisonous Vapours        Pois/Air       #.....       95%         2
 Slow                     Hex            #.......     95%         2
 Sublimation of Blood     Necr           #.........   95%         2
 Call Canine Familiar     Summ           #.......     99%         3
 Confusing Touch          Hex            #.......     99%         3
 Conjure Flame            Conj/Fire      #.......     99%         3
 Dazzling Flash           Conj/Hex       #.....       99%         3
 Frozen Ramparts          Ice            #.....       99%         3
 Gell's Gravitas          Tloc           #.........   99%         3
 Ignite Poison            Fire/Tmut/Pois #.......     99%         3
 Mephitic Cloud           Conj/Pois/Air  #.......     99%         3
 Ozocubu's Armour         Ice            #.......     99%         3
 Portal Projectile        Hex/Tloc       #.....       99%         3
 Stone Arrow              Conj/Erth      #.....       99%         3
 Summon Guardian Golem    Hex/Summ       #.......     99%         3
 Tukima's Dance           Hex            #.......     99%         3
 Airstrike                Air            #.........   100%        4
 Animate Dead             Necr           #.........   100%        4
 Cause Fear               Hex            #.........   100%        4
 Dispel Undead            Necr           #.......     100%        4
 Hailstorm                Conj/Ice       #.......     100%        4
 Ice Form                 Ice/Tmut       #.......     100%        4
 Leda's Liquefaction      Hex/Erth       #.........   100%        4
 Olgreb's Toxic Radiance  Pois           #.......     100%        4
 Petrify                  Tmut/Erth      #.......     100%        4
 Summon Ice Beast         Ice/Summ       #.......     100%        4
 Summon Lightning Spire   Summ/Air       #.......     100%        4
 Agony                    Necr           #.......     100%        5
 Alistair's Intoxication  Tmut/Pois      #........    100%        5
 Bolt of Magma            Conj/Fire/Erth #.........   100%        5
 Borgnjor's Vile Clutch   Necr/Erth      #.........   100%        5
 Excruciating Wounds      Necr           #.........   100%        5
 Irradiate                Conj/Tmut      #.........   100%        5
 Lee's Rapid Deconstruct  Erth           #.........   100%        5
 Lightning Bolt           Conj/Air       #.........   100%        5
 Metabolic Englaciation   Hex/Ice        #.........   100%        5
 Silence                  Hex/Air        #.........   100%        5
 Summon Demon             Summ           #.........   100%        5
 Summon Forest            Summ/Tloc      #.........   100%        5
 Summon Mana Viper        Hex/Summ       #.......     100%        5
 Yara's Violent Unravell  Hex/Tmut       #.........   100%        5
 Conjure Ball Lightning   Conj/Air       #.........   100%        6
 Dispersal                Tloc           #.........   100%        6
 Eringya's Noxious Bog    Tmut/Pois      #.........   100%        6
 Freezing Cloud           Conj/Ice/Air   #.........   100%        6
 Iron Shot                Conj/Erth      #.........   100%        6
 Ozocubu's Refrigeration  Ice            #.........   100%        6
 Shadow Creatures         Summ           N/A          100%        6
 Simulacrum               Ice/Necr       #.........   100%        6
 Statue Form              Tmut/Erth      #........    100%        6
 Summon Hydra             Summ           #.........   100%        7
 Discord                  Hex            #.........   100%        8
 Disjunction              Tloc           #.........   100%        8
 Necromutation            Tmut/Necr      #.........   100%        8
 Shatter                  Erth           #.........   100%        9
 Tornado                  Air            #.........   100%        9


Dungeon Overview and Level Annotations

Branches:
Dungeon (15/15)            Temple (1/1) D:7            Lair (6/6) D:9
  Swamp (4/4) Lair:2        Snake (4/4) Lair:4        Slime (0/5) Lair:5
    Orc (2/2) D:12            Elf (0/3) Orc:2        Vaults (5/5) D:14
  Crypt (3/3) Vaults:3       Tomb (1/3) Crypt:3      Depths (5/5) D:15
    Zot (5/5) Depths:5

Altars:
Cheibriados
Dithmenos
Elyvilon
Gozag
Hepliaklqana
Kikubaaqudgha
Nemelex Xobeh
Okawaru
Qazlal
Uskayaw
Vehumet
Wu Jian
Xom
Yredelemnul
Zin
Beogh
Lugonu

Shops:
D:5 *   D:6 :   Orc:2 *!??   Snake:3 ?   Vaults:5 ?   Depths:1 [   Depths:4 !

Portals:
Hell: Depths:1 Depths:2 Depths:3 Depths:4 Depths:5
Abyss: Depths:1 Depths:4
Pandemonium: Depths:3 Depths:5
Ziggurat: Depths:4
Trove: Vaults:4 (give 7 potions of haste)

Annotations:
Snake:2 1 runed translucent door, Aplou's ghost, adept GnFi


Innate Abilities, Weirdness & Mutations

You reflexively headbutt those who attack you in melee.
You have a pair of horns on your head.
You are partially covered in iridescent scales. (AC +2)
You are partially covered in slimy green scales. (AC +2)
You tend to lose your temper in combat.
Scrolls take you a little longer to read.
You are clumsy. (Dex -2)
Your body often deteriorates upon taking damage.
You are very dopey. (Int -4)
Your flesh is heat resistant. (rF+)
Your magical capacity is low. (-10% MP)
You passively map a small area around you.
You do not regenerate when monsters are visible.
You are sometimes teleported next to monsters.
You are weak. (Str -2)
Your spells are a little easier to cast, but a little less powerful.


Message History

You slash the orb of fire! You hit something but do no damage.
You hit the orb of fire but do no damage.
You slash the Tzitzimitl! You burn the Tzitzimitl!
The Tzitzimitl calls on the powers of darkness!
The green draconian convulses!
Your body is wracked with pain!
* * * LOW HITPOINT WARNING * * *
The Killer Klown convulses!
You slice the orb of fire!!
You destroy the orb of fire!
Okawaru is honoured by your kill.
Your life force feels restored.
You closely miss the Tzitzimitl. You completely miss the electric golem.
You miss the orb of fire. You hit something but do no damage.
You slice the orb of fire!!
You destroy the orb of fire!
Okawaru accepts your kill.
You hear some strange, mumbled words.
An iron shot appears from out of thin air!
The iron shot hits you!!!
You die...

*#..............,,** ##
*#...............,,,** #
*.......^........,,,,* #
*................,,^,*
*................,,,,* #
*..^..........^..,,,^* #
*........[.......,,,,* ##
*......81[d......,,,,*##.
*#......@.)......,,,###..
##.....*{.........##....
##^$.............^...##
▓▓...p8##▓▓▓▓▓▓▓▓▓▓▓#
*▓.......,,,,,,,,****
*▓.........,,,,,,,,,,***
*▓^.........,,,,,,,,,,,,*
*............,,,,,,,^,,,,
*,,,,,,,,,,,,,,,,,,,,,,,,


You could see an orb of fire, a Killer Klown, an electric golem, a Tzitzimitl
(summoned) and a green draconian.

Vanquished Creatures
  4 ancient liches
  10 orbs of fire
  Mara (Vaults:3)
  A juggernaut (Depths:4)
  Sojobo (Crypt:3)
  Frederick (Depths:5)
  Bai Suzhen (Snake:3)
  4 Killer Klowns (Zot:5)
  the Lernaean hydra (Swamp:4)
  Saint Roka (Vaults:1)
  2 curse toes
  3 golden dragons
  A bone dragon (Vaults:4)
  4 liches
  2 electric golems
  Jorgrun (Swamp:2)
  15 tentacled monstrosities
  13 Orb Guardians (Zot:5)
  7 titans
  7 death cobs
  7 quicksilver dragons
  Gastronok (Lair:2)
  An acid blob (Depths:3)
  13 sphinxes
  4 ancient champions
  Frances (Swamp:1)
  12 tengu reavers
  Kirke (D:13)
  4 thorn hunters
  Roxanne (D:14)
  11 draconian monks
  15 shadow dragons
  15 frost giants
  21 storm dragons
  10 draconian knights
  6 nagarajas
  4 revenants
  15 draconian scorchers
  5 ghost moths
  3 draconian stormcallers
  An iron dragon (Depths:4)
  4 deep elf sorcerers
  2 balrugs
  15 vault wardens
  6 fire giants
  8 draconian shifters
  A cacodemon (Depths:5)
  A curse skull (Crypt:3)
  A deep elf elementalist (Vaults:4)
  Aizul (Swamp:1)
  14 ironheart preservers
  3 ghouls (Crypt:1)
  5 war gargoyles
  17 stone giants
  A juggernaut skeleton (Vaults:4)
  21 green draconians
  2 spriggan defenders (Depths:4)
  8 vampire knights
  4 very ugly things
  9 draconian annihilators
  A deep elf demonologist (Vaults:1)
  4 deep elf annihilators
  23 purple draconians
  16 red draconians
  6 dire elephants (Lair:6)
  23 black draconians
  22 white draconians
  Azrael (D:15)
  10 yellow draconians
  A merfolk javelineer (Depths:3)
  13 ettins
  2 eidola
  10 fire dragons
  4 mummy priests (Tomb:1)
  4 deep elf death magi
  9 jiangshi
  12 ogre magi
  Josephine (D:15)
  A blizzard demon (Depths:2)
  16 yaktaur captains
  10 great orbs of eyes
  19 hydras
  4 rakshasas
  The ghost of Irenicus the Severer, a journeyman DDGl of Makhleb (D:9)
  8 ice dragons
  A hell beast (Depths:3)
  2 deep elf high priests
  3 spriggan air magi
  A caustic shrike simulacrum (Depths:3)
  A monstrous demonspawn (Depths:3)
  9 naga warriors
  5 ghost crabs
  32 vault guards
  A juggernaut simulacrum (Vaults:4)
  A catoblepas (D:15)
  2 shambling mangroves
  Erica (D:9)
  7 anacondas
  2 death knights
  10 centaur warriors
  18 two-headed ogres
  8 deep troll earth magi
  7 vampire magi
  4 deep troll shamans
  A dancing weapon (Vaults:5)
  11 alligators
  5 tengu warriors
  4 death scarabs (Tomb:1)
  3 death yaks (Lair:6)
  13 naga sharpshooters
  2 thrashing horrors (Abyss:3)
  A shock serpent (shapeshifter) (Vaults:5)
  2 spriggan berserkers
  10 shock serpents
  3 soul eaters
  Sonja (Lair:6)
  2 wretched stars
  6 deep elf knights
  3 iron trolls
  16 hell knights
  5 sun demons
  3 sixfirhies
  3 salamander mystics
  A spatial maelstrom (Abyss:3)
  7 sea snakes
  An iron giant zombie (Crypt:1)
  28 deep trolls
  14 skeletal warriors
  3 shadow wraiths
  A quicksilver dragon simulacrum (Crypt:1)
  An anaconda zombie (Crypt:3)
  3 death drakes
  A spriggan druid (Swamp:3)
  5 glowing orange brains
  2 golden dragon zombies
  2 lindwurms (Depths:5)
  8 naga ritualists
  9 swamp dragons
  2 wizards
  20 phantasmal warriors
  8 deep elf archers
  20 orc knights
  2 golden dragon skeletons
  A harpy (shapeshifter) (Vaults:5)
  8 flayed ghosts
  10 ironbrand convokers
  A wolf spider zombie (Tomb:1)
  A shadow dragon zombie (Crypt:1)
  3 tengu zombies
  20 deep elf magi
  8 necromancers
  10 mana vipers
  5 wolf spiders
  43 ugly things
  An orb spider (shapeshifter) (Vaults:3)
  4 orc sorcerers
  An oklob plant (Depths:3)
  2 sphinx skeletons
  A salamander (shapeshifter) (Vaults:1)
  16 salamanders
  2 worldbinders (Vaults:4)
  6 cyclopes
  2 iron dragon skeletons
  2 frost giant skeletons
  21 moths of wrath
  8 elephants
  4 draconians (Abyss:4)
  A fire giant zombie (Crypt:1)
  21 vault sentinels
  10 fire giant skeletons
  A guardian serpent (Snake:4)
  29 naga magi
  36 black mambas
  A rust devil (Depths:5)
  A stone giant skeleton (Depths:3)
  2 torpor snails (shapeshifter)
  A storm dragon simulacrum (Vaults:3)
  19 cane toads
  4 gargoyles (Crypt:3)
  An elephant slug zombie (Crypt:2)
  A titan simulacrum (Abyss:3)
  A smoke demon (Depths:2)
  8 centaur skeletons
  A cane toad (shapeshifter) (Vaults:3)
  A catoblepas zombie (Crypt:1)
  10 freezing wraiths
  7 komodo dragons
  A minotaur zombie (Crypt:2)
  An efreet (D:14)
  12 rime drakes
  A grey draconian zombie (Crypt:1)
  A kobold demonologist (D:11)
  A golden dragon simulacrum (Vaults:4)
  49 yaktaurs
  5 ice devils
  2 yaktaurs (shapeshifter)
  3 tengu conjurers (Depths:3)
  A hellwing (Abyss:3)
  A hydra zombie (Crypt:3)
  An ancient zyme (Abyss:3)
  6 trolls
  A polar bear (shapeshifter) (Vaults:2)
  A troll (shapeshifter) (Vaults:4)
  A red devil (Depths:5)
  7 guardian mummies (Tomb:1)
  A polar bear (Lair:4)
  A hydra skeleton (Crypt:3)
  17 hornets
  12 tyrant leeches
  A hornet (shapeshifter) (Vaults:1)
  3 wind drakes (Depths:5)
  41 slime creatures
  9 blink frogs
  14 hippogriffs
  2 hippogriffs (shapeshifter)
  A slime creature (shapeshifter) (Depths:3)
  7 bog bodies
  An ettin skeleton (Crypt:3)
  12 dream sheep
  3 redbacks (Vaults:4)
  An ice dragon skeleton (Crypt:3)
  7 shadows
  12 spriggans
  A spriggan (shapeshifter) (Vaults:2)
  6 wyverns
  A redback (shapeshifter) (Vaults:4)
  A yak (shapeshifter) (Vaults:1)
  3 water elementals
  A tarantella (Vaults:4)
  8 fire dragon skeletons (Crypt:3)
  20 humans (D:14)
  19 wraiths
  7 vampires
  47 yaks
  3 ushabtiu (Tomb:1)
  A basilisk (shapeshifter) (D:13)
  4 hogs (D:13)
  7 steam dragons (Lair:2)
  28 vampire mosquitoes
  A basilisk (Lair:4)
  An infernal demonspawn zombie (Crypt:2)
  2 large abominations
  2 chaos spawn
  A faun zombie (Crypt:1)
  12 swamp worms
  15 wargs
  4 insubstantial wisps (Swamp:1)
  39 nagas
  15 water moccasins
  7 hell hounds (D:15)
  A two-headed ogre skeleton (Crypt:2)
  A torturous demonspawn skeleton (Crypt:2)
  65 orc warriors
  21 swamp drakes
  4 porcupines
  2 sky beasts
  4 ice beasts
  A manticore zombie (Tomb:1)
  2 phantoms
  5 boggarts
  An eye of draining (D:14)
  4 small abominations
  A tengu (shapeshifter) (Depths:1)
  15 ogres
  23 wolves
  2 swamp dragon skeletons (Crypt:3)
  15 centaurs
  13 crocodiles
  An elf simulacrum (Vaults:4)
  2 big kobolds
  3 human zombies (Vaults:2)
  2 palentonga zombies
  A wyvern zombie (D:9)
  17 bullfrogs
  A human skeleton (Vaults:2)
  17 wights
  8 howler monkeys
  16 electric eels
  8 crimson imps
  5 quasits
  4 centaur zombies
  A human simulacrum (Vaults:2)
  A bullfrog zombie (D:8)
  A hound (shapeshifter) (Vaults:3)
  5 hounds
  4 jellies
  13 orc priests
  2 bullfrog skeletons
  An iron imp (Depths:3)
  A black bear skeleton (Crypt:2)
  Crazy Yiuf (D:2)
  7 iguanas
  23 orc wizards
  Natasha (thrice) (D:2)
  14 worker ants
  A big kobold zombie (Crypt:2)
  An ogre skeleton (Crypt:1)
  A hound zombie (D:5)
  2 hound skeletons (D:4)
  9 mummies (Tomb:1)
  3 howler monkey zombies
  7 adders
  7 gnolls
  5 shadow imps
  8 white imps
  3 ufetubi
  2 adder skeletons
  2 worms (D:2)
  2 dart slugs
  6 leopard geckos
  144 orcs
  8 giant cockroaches
  9 goblins
  5 hobgoblins
  8 jackals
  20 kobolds
  4 quokkas
  4 ball pythons
  10 bats
  10 frilled lizards
  2 quokka skeletons
  6 rats
  16 briar patches
  A butterfly (Lair:2)
  5 plants
2407 creatures vanquished.

Vanquished Creatures (others)
  A curse toe (Zot:4)
  A fire giant (Depths:4)
  2 ogre magi
  A wizard (Vaults:4)
  2 insubstantial wisps (Swamp:1)
  An acid dragon (D:14)
  A swamp drake (Swamp:1)
  2 briar patches (Swamp:3)
  36 fungi
  A lurking horror (Abyss:3)
  94 plants
  7 withered plants
149 creatures vanquished.

Grand Total: 2556 creatures vanquished

Notes
Turn   | Place    | Note
-------+----------+-------------------------------------------
     0 | D:1      | Ozzies the Minotaur Fighter began the quest for the Orb.
     0 | D:1      | Reached XP level 1. HP: 19/19 MP: 0/0
   274 | D:1      | Reached XP level 2. HP: 27/27 MP: 1/1
   967 | D:2      | Reached XP level 3. HP: 35/35 MP: 2/2
  1009 | D:2      | Reached skill level 5 in Fighting
  1109 | D:2      | Noticed Natasha
  1123 | D:2      | Killed Natasha
  1123 | D:2      | Reached XP level 4. HP: 2/44 MP: 3/3
  1646 | D:2      | Noticed Natasha
  1655 | D:2      | Killed Natasha
  1689 | D:2      | Noticed Natasha
  1695 | D:2      | Killed Natasha
  1695 | D:2      | Reached XP level 5. HP: 47/51 MP: 4/4
  1769 | D:2      | Found a faded altar of an unknown god.
  1858 | D:2      | Found a runed translucent door.
  1859 | D:2      | Noticed Crazy Yiuf
  2172 | D:2      | Killed Crazy Yiuf
  2596 | D:3      | Reached skill level 1 in Dodging
  2596 | D:3      | Reached XP level 6. HP: 53/60 MP: 5/5
  3384 | D:5      | Entered Level 5 of the Dungeon
  3410 | D:5      | Noticed a sky beast
  3415 | D:5      | Killed a sky beast
  3415 | D:5      | Reached XP level 7. HP: 66/66 MP: 6/6
  3547 | D:5      | Reached skill level 5 in Shields
  3554 | D:5      | Found Vuqusask's General Store.
  3951 | D:5      | Reached skill level 5 in Armour
  4074 | D:5      | Found a glowing silver altar of Zin.
  4374 | D:6      | Found Gugup's Book Shoppe.
  4508 | D:6      | Reached skill level 5 in Axes
  4511 | D:6      | Noticed a hippogriff
  4517 | D:6      | Killed a hippogriff
  4517 | D:6      | Reached XP level 8. HP: 75/75 MP: 7/7
  4577 | D:6      | Found an opulent altar of Gozag.
  4809 | D:6      | Got a warped dagger
  4809 | D:6      | Identified the +9 dagger of Disintegration {freeze, Int+3}
                  | (You found it on level 6 of the Dungeon)
  5094 | D:7      | Found a staircase to the Ecumenical Temple.
  5108 | D:7      | Noticed a hippogriff
  5113 | D:7      | Killed a hippogriff
  5127 | D:7      | Found a shimmering altar of Xom.
  5141 | D:7      | Noticed a hippogriff
  5149 | D:7      | Killed a hippogriff
  5149 | D:7      | Reached skill level 5 in Dodging
  5149 | D:7      | Reached XP level 9. HP: 78/84 MP: 8/8
  5309 | Temple   | Entered the Ecumenical Temple
  5387 | Temple   | Became a worshipper of Warmaster Okawaru
  5870 | D:8      | Reached skill level 10 in Fighting
  6220 | D:9      | Reached * piety under Okawaru
  6323 | D:9      | Noticed Erica
  6326 | D:9      | Noticed an elephant
  6326 | D:9      | Noticed a flayed ghost
  6371 | D:9      | Killed an elephant
  6371 | D:9      | Reached ** piety under Okawaru
  6371 | D:9      | Reached XP level 10. HP: 52/94 MP: 9/9
  6390 | D:9      | Killed Erica
  6492 | D:9      | Noticed Irenicus's ghost (journeyman DDGl)
  6505 | D:9      | Found a transporter.
  6508 | D:9      | Found a transporter.
  6539 | D:9      | Found a staircase to the Lair.
  6561 | D:9      | Reached skill level 10 in Axes
  6564 | D:9      | Reached *** piety under Okawaru
  6865 | D:10     | Entered Level 10 of the Dungeon
  7076 | D:10     | Reached skill level 1 in Invocations
  7336 | D:10     | Reached **** piety under Okawaru
  7346 | D:10     | You fall into a shaft and drop 1 floor!
  7374 | D:11     | Reached XP level 11. HP: 58/105 MP: 9/11
  7521 | D:11     | Noticed a brown ugly thing
  7536 | D:11     | Killed a brown ugly thing
  7567 | D:11     | HP: 3/106 [orc warrior/+1 vorpal dire flail (11)]
  7569 | D:11     | Reached ***** piety under Okawaru
  7693 | D:11     | Noticed an orc knight
  7704 | D:11     | Killed an orc knight
  7704 | D:11     | Received a gift from Okawaru
  7795 | D:11     | Found a roughly hewn altar of Beogh.
  7901 | D:11     | Noticed a green ugly thing
  7911 | D:11     | Killed a green ugly thing
  8271 | D:12     | Found a staircase to the Orcish Mines.
  8274 | D:12     | Noticed a purple ugly thing
  8290 | D:12     | Killed a purple ugly thing
  8467 | D:12     | Noticed a cyan ugly thing
  8474 | D:12     | Killed a cyan ugly thing
  9127 | D:13     | Noticed a tengu warrior
  9143 | D:12     | Killed a tengu warrior
  9151 | D:12     | Reached XP level 12. HP: 107/116 MP: 14/14
  9214 | D:13     | Noticed a centaur warrior
  9223 | D:13     | Killed a centaur warrior
  9311 | D:13     | Noticed Kirke
  9332 | D:13     | Killed Kirke
  9332 | D:13     | Reached skill level 5 in Invocations
  9345 | D:13     | Found a shadowy altar of Dithmenos.
  9536 | D:13     | Reached skill level 10 in Armour
  9711 | D:14     | Reached skill level 10 in Shields
  9910 | D:14     | Received a gift from Okawaru
 10084 | D:14     | Noticed a vault guard
 10097 | D:14     | Killed a vault guard
 10228 | D:14     | Found a gate to the Vaults.
 10232 | D:14     | Reached skill level 15 in Fighting
 10462 | D:14     | Reached XP level 13. HP: 117/126 MP: 17/17
 11111 | D:14     | Identified Roxanne's Volume of Transmigration
 11111 | D:14     | Noticed Roxanne
 11276 | D:14     | Killed Roxanne
 11276 | D:14     | Received a gift from Okawaru
 11599 | D:15     | Entered Level 15 of the Dungeon
 11605 | D:15     | Received a gift from Okawaru
 11666 | D:15     | Found a staircase to the Depths.
 11811 | D:15     | Reached ****** piety under Okawaru
 12091 | D:15     | Noticed Azrael
 12101 | D:15     | Noticed Josephine
 12111 | D:15     | Killed Azrael
 12120 | D:15     | Killed Josephine
 12120 | D:15     | Received a gift from Okawaru
 12415 | D:15     | Got a fine broad axe
 12415 | D:15     | Identified the +9 broad axe "Nusinomo" {holy, rElec} (You
                  | found it on level 15 of the Dungeon)
 12891 | Lair:1   | Entered Level 1 of the Lair of Beasts
 13375 | Lair:2   | Found a staircase to the Swamp.
 13390 | Lair:2   | Reached XP level 14. HP: 138/138 MP: 19/19
 13407 | Lair:2   | Noticed Gastronok
 13428 | Lair:2   | Killed Gastronok
 13538 | Lair:2   | Received a gift from Okawaru
 14420 | Lair:3   | Reached skill level 15 in Axes
 14978 | Lair:4   | Found a staircase to the Snake Pit.
 15037 | Lair:4   | You fall into a shaft and drop 2 floors!
 15037 | Lair:6   | Entered Level 6 of the Lair of Beasts
 15228 | Lair:6   | Received a gift from Okawaru
 15324 | Lair:6   | Noticed Sonja
 15336 | Lair:6   | Killed Sonja
 16323 | Lair:6   | Reached XP level 15. HP: 139/149 MP: 20/20
 17086 | Lair:5   | Found a staircase to the Slime Pits.
 18226 | Lair:4   | Received a gift from Okawaru
 18508 | Orc:1    | Entered Level 1 of the Orcish Mines
 18743 | Orc:2    | Entered Level 2 of the Orcish Mines
 19002 | Orc:2    | Found a roughly hewn altar of Beogh.
 19012 | Orc:2    | Found Vaisisoo's Distillery.
 19029 | Orc:2    | Found Fiudiudu's Assorted Antiques.
 19144 | Orc:2    | Bought a potion of heal wounds for 65 gold pieces
 19144 | Orc:2    | Bought a potion of resistance for 130 gold pieces
 19320 | Orc:2    | Found a staircase to the Elven Halls.
 19541 | Orc:2    | Found Ahauti's Magic Scroll Shoppe.
 19586 | Orc:2    | Bought a scroll of remove curse for 39 gold pieces
 19591 | Orc:2    | Found Ariteose's Magic Scroll Shop.
 19690 | Orc:2    | Bought a scroll of remove curse for 33 gold pieces
 20007 | D:9      | Killed Irenicus's ghost
 20119 | D:6      | Bought a manual of Armour for 1214 gold pieces
 20264 | Snake:1  | Entered Level 1 of the Snake Pit
 20281 | Snake:1  | Received a gift from Okawaru
 20487 | Orc:2    | Bought a shiny kite shield for 202 gold pieces
 20963 | Snake:1  | Reached skill level 10 in Dodging
 21426 | Snake:2  | Found a runed translucent door.
 21426 | Snake:2  | Noticed Aplou's ghost (adept GnFi)
 21484 | Snake:2  | Reached XP level 16. HP: 133/159 MP: 21/21
 21594 | Snake:2  | Received a gift from Okawaru
 22538 | Snake:2  | Received a gift from Okawaru
 23116 | Snake:3  | Noticed Bai Suzhen
 23136 | Snake:3  | Killed Bai Suzhen
 23136 | Snake:3  | Reached skill level 15 in Armour
 23475 | Snake:3  | Found Wiadob's Magic Scroll Shoppe.
 23592 | Snake:4  | Entered Level 4 of the Snake Pit
 23612 | Snake:4  | Received a gift from Okawaru
 23871 | Snake:4  | Reached XP level 17. HP: 95/169 MP: 22/22
 23903 | Snake:4  | HP: 8/169 [poisoned by a naga mage (splash of poison)]
 23908 | Snake:4  | HP: 7/169 [poisoned by a naga mage (splash of poison)]
 24200 | Snake:4  | Received a gift from Okawaru
 24243 | Snake:4  | Got a serpentine rune of Zot
 25234 | Swamp:1  | Entered Level 1 of the Swamp
 25290 | Swamp:1  | Noticed Aizul
 25318 | Swamp:1  | Killed Aizul
 25552 | Swamp:1  | Noticed Frances
 25555 | Swamp:1  | Identified 2 scrolls of acquirement
 25566 | Swamp:1  | Killed Frances
 25601 | Swamp:1  | Received a gift from Okawaru
 26282 | Swamp:1  | Noticed a tentacled monstrosity
 26306 | Swamp:1  | Killed a tentacled monstrosity
 26306 | Swamp:1  | Reached skill level 15 in Shields
 26753 | Swamp:2  | Got a scorched war axe
 26753 | Swamp:2  | Identified the +8 war axe of Yredelemnul's Pride {drain,
                  | Str+2} (You found it on level 2 of the Swamp)
 26802 | Swamp:2  | Noticed Jorgrun
 26825 | Swamp:2  | Killed Jorgrun
 27490 | Swamp:3  | Paralysed by a hornet for 1 turns
 27991 | Swamp:3  | Identified the +2 robe of Woykki {-Tele rPois rC++ Slay+4}
 28337 | Swamp:3  | Received a gift from Okawaru
 28429 | Swamp:3  | Reached XP level 18. HP: 130/182 MP: 16/23
 29226 | Swamp:4  | Entered Level 4 of the Swamp
 29455 | Swamp:4  | Noticed the 27-headed Lernaean hydra
 29484 | Swamp:4  | Killed the 27-headed Lernaean hydra
 30548 | Swamp:4  | Got a decaying rune of Zot
 31431 | Vaults:1 | Entered Level 1 of the Vaults
 31749 | Vaults:1 | Noticed Saint Roka
 31765 | Vaults:1 | Killed Saint Roka
 31765 | Vaults:1 | Received a gift from Okawaru
 32044 | Vaults:1 | Cast into level 3 of the Abyss (a deep elf sorcerer)
 32168 | Abyss:4  | Found a transporter.
 32212 | Vaults:1 | Escaped the Abyss
 32834 | Vaults:1 | Received a gift from Okawaru
 32835 | Vaults:1 | Found the +2 hat of the Bear Spirit {Spirit, +Rage rN+
                  | MR++}
 32950 | Vaults:1 | Reached XP level 19. HP: 175/192 MP: 21/24
 33873 | Vaults:1 | Identified the Tome of Earth and the Blaze
 34648 | Vaults:2 | Received a gift from Okawaru
 35208 | Vaults:2 | Received a gift from Okawaru
 35916 | Vaults:2 | Reached XP level 20. HP: 156/203 MP: 18/25
 36384 | Vaults:3 | Received a gift from Okawaru
 36679 | Vaults:3 | Noticed Mara
 36690 | Vaults:3 | Noticed Ozzies's illusion
 36698 | Vaults:3 | Killed Mara
 37106 | Vaults:3 | Found a staircase to the Crypt.
 37106 | Vaults:3 | Found a basalt altar of Yredelemnul.
 37107 | Vaults:3 | Found an ancient bone altar of Kikubaaqudgha.
 37506 | Vaults:3 | Received a gift from Okawaru
 38629 | Vaults:4 | Identified Sif Muna's Incunabulum of Calling
 38674 | Vaults:4 | Noticed a bone dragon
 38707 | Vaults:4 | Killed a bone dragon
 38722 | Vaults:4 | Received a gift from Okawaru
 38853 | Vaults:4 | Identified the Guide on Unholy Secrets
 39128 | Vaults:4 | Reached XP level 21. HP: 213/213 MP: 26/26
 39330 | Vaults:4 | Found a portal to a secret trove of treasure.
 39369 | Vaults:4 | Noticed an ancient lich
 39398 | Vaults:4 | Killed an ancient lich
 39398 | Vaults:4 | Received a gift from Okawaru
 39861 | Vaults:4 | Identified the Reference Book on Venom
 40072 | Vaults:5 | Entered Level 5 of the Vaults
 40380 | Vaults:5 | Received a gift from Okawaru
 40918 | Vaults:5 | Found Culeuth's Distillery.
 40925 | Vaults:5 | Bought a potion of heal wounds for 65 gold pieces
 40925 | Vaults:5 | Bought a potion of curing for 39 gold pieces
 40925 | Vaults:5 | Bought a potion of curing for 39 gold pieces
 40925 | Vaults:5 | Bought a potion of heal wounds for 65 gold pieces
 40925 | Vaults:5 | Bought a potion of might for 52 gold pieces
 40925 | Vaults:5 | Bought a potion of curing for 39 gold pieces
 40925 | Vaults:5 | Bought a potion of curing for 39 gold pieces
 40925 | Vaults:5 | Bought a potion of haste for 130 gold pieces
 40992 | Vaults:5 | Reached XP level 22. HP: 173/222 MP: 18/27
 41410 | Vaults:5 | Found Jarim Ago's Magic Scroll Boutique.
 41414 | Vaults:5 | Bought a scroll of brand weapon for 260 gold pieces
 41414 | Vaults:5 | Bought a scroll of brand weapon for 260 gold pieces
 41577 | Vaults:5 | Received a gift from Okawaru
 42266 | Vaults:5 | Identified Bacicelin's Almanac of Cold and the Mountains
 42275 | Vaults:5 | Got a silver rune of Zot
 42546 | Vaults:5 | Got a brightly glowing pewter ring
 42548 | Vaults:5 | Identified the ring of Fituowna {rN+ Str+4 Int+2 Stlth+}
                  | (You found it on level 5 of the Vaults)
 42673 | Vaults:5 | Got a faintly glowing emerald amulet
 42683 | Vaults:5 | Identified the amulet "Avum" {Regen+ MP+9} (You found it on
                  | level 5 of the Vaults)
 42960 | Crypt:1  | Entered Level 1 of the Crypt
 43373 | Crypt:1  | Received a gift from Okawaru
 44533 | Crypt:3  | Entered Level 3 of the Crypt
 44865 | Crypt:3  | Received a gift from Okawaru
 44925 | Crypt:3  | Identified the Reference Book on Gliding Companions
 45056 | Crypt:3  | Found a staircase to the Tomb.
 45124 | Crypt:3  | Identified Vopsalef's Incunabulum of Evil Arts
 45271 | Crypt:3  | Identified The Last Grimoire of the Deep Elf Lorekeeper
 45467 | Crypt:3  | Reached XP level 23. HP: 232/232 MP: 28/28
 45703 | Crypt:3  | Noticed Sojobo
 45722 | Crypt:3  | Killed Sojobo
 45811 | Crypt:3  | Found an ancient bone altar of Kikubaaqudgha.
 45825 | Crypt:3  | Noticed an ancient lich
 45825 | Crypt:3  | Noticed an ancient lich
 45835 | Crypt:3  | Killed an ancient lich
 45837 | Crypt:3  | Killed an ancient lich
 46034 | Crypt:3  | Got a faintly glowing golden ring
 46034 | Crypt:3  | Got a steaming brass ring
 46034 | Crypt:3  | Got a fine ivory ring
 46036 | Crypt:3  | Identified the ring of Divine Compulsion {*Slow +Inv rElec
                  | rN+ SInv} (You found it on level 3 of the Crypt)
 46038 | Crypt:3  | Identified the ring "Umeurgh" {rN+ Slay+2} (You found it on
                  | level 3 of the Crypt)
 46041 | Crypt:3  | Identified the ring of Cekaweq {rPois rN+ Int+4} (You found
                  | it on level 3 of the Crypt)
 46525 | Tomb:1   | Entered Level 1 of the Tomb of the Ancients
 48767 | Depths:1 | Entered Level 1 of the Depths
 48831 | D:15     | Acquired the ring of Joatao {rF+ Int+6 SInv}
 48832 | D:15     | Acquired 506 gold pieces
 48833 | D:15     | Acquired the amulet "Sen Reurche" {Reflect Int+9 Slay-2
                  | SH+5 SInv Stlth+}
 48834 | D:15     | Acquired the +2 pair of boots "Coehuq" {rF+}
 49186 | Depths:1 | Found a gateway to Hell.
 49198 | Depths:1 | Received a gift from Okawaru
 49440 | Depths:1 | Found Vemeuf's Antique Armour Shoppe.
 49444 | Depths:1 | Found a one-way gate to the infinite horrors of the Abyss.
 50282 | Depths:2 | Identified the ring "Javil" {*Slow rPois rF+ MP+9 Str+4}
 50831 | Depths:2 | Reached XP level 24. HP: 237/237 MP: 28/28
 50863 | Depths:2 | Found the +0 pair of fencer's gloves {Riposte Dex+3}
 50873 | Depths:2 | Received a gift from Okawaru
 51068 | Depths:2 | Found the +3 robe of Folly {Archmagi, MR-- Int+5}
 51078 | Depths:2 | Got a pitted copper ring
 51426 | Depths:2 | Gained mutation: You passively map a small area around you.
                  | [potion of mutation]
 51426 | Depths:2 | Gained mutation: You are clumsy. (Dex -2) [potion of
                  | mutation]
 51426 | Depths:2 | Lost mutation: You are clumsy. (Dex -2) [potion of
                  | mutation]
 51426 | Depths:2 | Gained mutation: You are resistant to electric shocks.
                  | (rElec) [potion of mutation]
 51427 | Depths:2 | Gained mutation: You are dopey. (Int -2) [potion of
                  | mutation]
 51427 | Depths:2 | Gained mutation: You are agile. (Dex +2) [potion of
                  | mutation]
 51428 | Depths:2 | Lost mutation: You are agile. (Dex +2) [potion of mutation]
 51428 | Depths:2 | Lost mutation: You are dopey. (Int -2) [potion of mutation]
 51428 | Depths:2 | Gained mutation: Your skin changes colour to match your
                  | surroundings (Stealth+). [potion of mutation]
 51428 | Depths:2 | Gained mutation: Your body sometimes deteriorates upon
                  | taking damage. [potion of mutation]
 51428 | Depths:2 | Gained mutation: You possess an exceptional clarity of
                  | mind. [potion of mutation]
 51429 | Depths:2 | Lost mutation: You possess an exceptional clarity of mind.
                  | [potion of mutation]
 51429 | Depths:2 | Lost mutation: Your body sometimes deteriorates upon taking
                  | damage. [potion of mutation]
 51429 | Depths:2 | Lost mutation: You passively map a small area around you.
                  | [potion of mutation]
 51429 | Depths:2 | Gained mutation: You are resistant to hostile enchantments.
                  | (MR+) [potion of mutation]
 51429 | Depths:2 | Gained mutation: You are partially covered in iridescent
                  | scales. (AC +2) [potion of mutation]
 51429 | Depths:2 | Gained mutation: You have sharp fingernails. [potion of
                  | mutation]
 51429 | Depths:2 | Gained mutation: You are mostly covered in iridescent
                  | scales. (AC +4) [potion of mutation]
 52085 | Depths:3 | Found a one-way gate leading to the halls of Pandemonium.
 52478 | Depths:3 | Identified the ring "Wyliarr" {rElec rCorr Str+3} (You
                  | found it on level 2 of the Depths)
 52766 | Depths:4 | Found Cicros's Distillery.
 52772 | Depths:4 | Bought a potion of resistance for 200 gold pieces
 52772 | Depths:4 | Bought a potion of heal wounds for 100 gold pieces
 52868 | Depths:4 | Found a corrupted altar of Lugonu.
 52904 | Depths:4 | Noticed a juggernaut
 52924 | Depths:4 | Killed a juggernaut
 53123 | Depths:4 | Received a gift from Okawaru
 53806 | Depths:2 | Got slimy fire dragon scales {god gift}
 53816 | Depths:2 | Identified the +4 fire dragon scales "Ryili" {rF++ rC-
                  | rCorr Str+7 Int-4 SInv} (Okawaru gifted it to you on level
                  | 2 of the Depths)
 54446 | Orc:2    | Bought a scroll of enchant armour for 82 gold pieces
 54446 | Orc:2    | Bought a scroll of enchant weapon for 82 gold pieces
 54768 | Crypt:3  | Got a pair of jewelled gloves {god gift}
 54778 | Crypt:3  | Identified the +0 pair of gloves "Qialecyu" {Int+5}
                  | (Okawaru gifted it to you on level 3 of the Crypt)
 55144 | Vaults:5 | Got a pair of masterwork gloves {god gift}
 55149 | Vaults:5 | Identified the +1 pair of gloves of Miunippu {Harm rElec}
                  | (Okawaru gifted it to you on level 5 of the Vaults)
 55634 | Depths:4 | Identified the +4 plate armour of Sorcery {Regen+} (You
                  | found it on level 4 of the Depths)
 55899 | Depths:4 | Found a gateway to a ziggurat.
 56359 | Depths:5 | Entered Level 5 of the Depths
 56569 | Depths:5 | Gained mutation: You are occasionally teleported next to
                  | monsters. [a cacodemon]
 56593 | Depths:5 | Reached XP level 25. HP: 186/247 MP: 23/28
 57520 | Depths:5 | Noticed Frederick
 57529 | Depths:5 | Killed Frederick
 57538 | Depths:5 | Found a gate to the Realm of Zot.
 57562 | Depths:5 | Received a gift from Okawaru
 58104 | Zot:1    | Entered Level 1 of the Realm of Zot
 58558 | Zot:1    | Reached skill level 27 in Fighting
 59074 | Zot:1    | Received a gift from Okawaru
 59109 | Zot:1    | Got a pair of heavily runed boots {god gift}
 59119 | Zot:1    | Identified the +0 pair of boots of Quantum Leap {Int+2
                  | Dex+7} (Okawaru gifted it to you on level 1 of the Realm of
                  | Zot)
 60185 | Zot:2    | Noticed an orb of fire
 60188 | Zot:2    | Gained mutation: Your magical capacity is low. (-10% MP)
                  | [an orb of fire]
 60199 | Zot:2    | Killed an orb of fire
 60277 | Zot:2    | Reached skill level 15 in Dodging
 60301 | Zot:2    | Reached XP level 26. HP: 241/256 MP: 24/25
 60308 | Zot:2    | Noticed an orb of fire
 60312 | Zot:2    | Gained mutation: You occasionally shout uncontrollably at
                  | your foes. [an orb of fire]
 60323 | Zot:2    | Killed an orb of fire
 60335 | Zot:2    | Lost mutation: You occasionally shout uncontrollably at
                  | your foes. [potion of mutation]
 60335 | Zot:2    | Lost mutation: You are mostly covered in iridescent scales.
                  | (AC +4) [potion of mutation]
 60335 | Zot:2    | Lost mutation: You are resistant to hostile enchantments.
                  | (MR+) [potion of mutation]
 60335 | Zot:2    | Lost mutation: Your magical capacity is low. (-10% MP)
                  | [potion of mutation]
 60335 | Zot:2    | Gained mutation: You expend magic power (3 MP) to
                  | strengthen your wands. [potion of mutation]
 60335 | Zot:2    | Gained mutation: Your flesh is heat resistant. (rF+)
                  | [potion of mutation]
 60335 | Zot:2    | Gained mutation: You have a pair of large horns on your
                  | head. [potion of mutation]
 60389 | Zot:2    | Received a gift from Okawaru
 60632 | Zot:2    | Identified the Grimoire of Burning Stolen Souls
 60637 | Zot:2    | Lost mutation: You are occasionally teleported next to
                  | monsters. [potion of mutation]
 60637 | Zot:2    | Lost mutation: You have a pair of large horns on your head.
                  | [potion of mutation]
 60637 | Zot:2    | Lost mutation: You are resistant to electric shocks.
                  | (rElec) [potion of mutation]
 60637 | Zot:2    | Gained mutation: You evolve. [potion of mutation]
 61325 | Zot:3    | Received a gift from Okawaru
 61493 | Zot:3    | You fall into a shaft and drop 1 floor!
 61568 | Zot:4    | Reached skill level 27 in Axes
 61590 | Zot:4    | Gained mutation: Your muscles are strong. (Str +2)
                  | [evolution]
 63674 | Zot:4    | Received a gift from Okawaru
 64067 | Zot:4    | Gained mutation: You do not regenerate when monsters are
                  | visible. [mutagenic glow]
 64080 | Zot:4    | Gained mutation: Scrolls take you a little longer to read.
                  | [mutagenic glow]
 64090 | Zot:4    | Gained mutation: Armour fits poorly on your strangely
                  | shaped body. [mutagenic glow]
 65425 | Zot:5    | Entered Level 5 of the Realm of Zot
 65437 | Zot:5    | Lost mutation: You expend magic power (3 MP) to strengthen
                  | your wands. [potion of mutation]
 65437 | Zot:5    | Lost mutation: Your flesh is heat resistant. (rF+) [potion
                  | of mutation]
 65437 | Zot:5    | Lost mutation: Scrolls take you a little longer to read.
                  | [potion of mutation]
 65437 | Zot:5    | Gained mutation: Your muscles are very strong. (Str +4)
                  | [potion of mutation]
 65437 | Zot:5    | Lost mutation: Your muscles are very strong. (Str +4)
                  | [potion of mutation]
 65437 | Zot:5    | Gained mutation: You are partially covered in slimy green
                  | scales. (AC +2) [potion of mutation]
 65438 | Zot:5    | Lost mutation: You do not regenerate when monsters are
                  | visible. [potion of mutation]
 65438 | Zot:5    | Lost mutation: Your muscles are strong. (Str +2) [potion of
                  | mutation]
 65438 | Zot:5    | Lost mutation: Armour fits poorly on your strangely shaped
                  | body. [potion of mutation]
 65438 | Zot:5    | Lost mutation: You have sharp fingernails. [potion of
                  | mutation]
 65438 | Zot:5    | Lost mutation: Your skin changes colour to match your
                  | surroundings (Stealth+). [potion of mutation]
 65438 | Zot:5    | Gained mutation: You are occasionally teleported next to
                  | monsters. [potion of mutation]
 65438 | Zot:5    | Gained mutation: Your magical capacity is low. (-10% MP)
                  | [potion of mutation]
 65438 | Zot:5    | Gained mutation: You have a pair of large horns on your
                  | head. [potion of mutation]
 65439 | Zot:5    | Lost mutation: Your magical capacity is low. (-10% MP)
                  | [potion of mutation]
 65439 | Zot:5    | Lost mutation: You evolve. [potion of mutation]
 65439 | Zot:5    | Lost mutation: You have a pair of large horns on your head.
                  | [potion of mutation]
 65439 | Zot:5    | Gained mutation: You are weak. (Str -2) [potion of
                  | mutation]
 65439 | Zot:5    | Gained mutation: You are robust. (+10% HP) [potion of
                  | mutation]
 65439 | Zot:5    | Gained mutation: You passively map a small area around you.
                  | [potion of mutation]
 65439 | Zot:5    | Gained mutation: Your flesh is heat resistant. (rF+)
                  | [potion of mutation]
 65576 | Zot:5    | Reached XP level 27. HP: 287/290 MP: 28/28
 65604 | Zot:5    | Received a gift from Okawaru
 65632 | Zot:5    | Noticed an orb of fire
 65632 | Zot:5    | Noticed an orb of fire
 65632 | Zot:5    | Noticed an orb of fire
 65637 | Zot:5    | Noticed an orb of fire
 65643 | Zot:5    | Gained mutation: You are clumsy. (Dex -2) [an orb of fire]
 65645 | Zot:5    | Gained mutation: Your magical capacity is low. (-10% MP)
                  | [an orb of fire]
 65645 | Zot:5    | Gained mutation: Scrolls take you a little longer to read.
                  | [an orb of fire]
 65646 | Zot:5    | Lost mutation: You are weak. (Str -2) [an orb of fire]
 65648 | Zot:5    | Gained mutation: You are dopey. (Int -2) [an orb of fire]
 65650 | Zot:5    | Killed an orb of fire
 65651 | Zot:5    | Killed an orb of fire
 65651 | Zot:5    | Received a gift from Okawaru
 65651 | Zot:5    | Killed an orb of fire
 65651 | Zot:5    | Reached skill level 27 in Armour
 65659 | Zot:5    | Killed an orb of fire
 65698 | Zot:5    | Identified the +0 pair of gloves "Loupotiq" {Regen+ Dex+3}
                  | (Okawaru gifted it to you on level 5 of the Realm of Zot)
 65933 | Zot:5    | Noticed an ancient lich
 65937 | Zot:5    | Killed an ancient lich
 65950 | Zot:5    | Noticed an orb of fire
 65952 | Zot:5    | Noticed an ancient lich
 65953 | Zot:5    | Noticed an orb of fire
 65954 | Zot:5    | Noticed an orb of fire
 65955 | Zot:5    | Noticed an orb of fire
 65958 | Zot:5    | Gained mutation: Your body sometimes deteriorates upon
                  | taking damage. [an orb of fire]
 65959 | Zot:5    | Noticed an orb of fire
 65962 | Zot:5    | Gained mutation: Your spells are a little easier to cast,
                  | but a little less powerful. [an orb of fire]
 65965 | Zot:5    | Killed an orb of fire
 65965 | Zot:5    | Gained mutation: You are sometimes teleported next to
                  | monsters. [an orb of fire]
 65968 | Zot:5    | Gained mutation: You are weak. (Str -2) [an orb of fire]
 65971 | Zot:5    | Gained mutation: You tend to lose your temper in combat.
                  | [an orb of fire]
 65972 | Zot:5    | Killed an orb of fire
 65972 | Zot:5    | Received a gift from Okawaru
 65977 | Zot:5    | Lost mutation: You are robust. (+10% HP) [an orb of fire]
 65980 | Zot:5    | Gained mutation: You do not regenerate when monsters are
                  | visible. [an orb of fire]
 65982 | Zot:5    | Gained mutation: Your body often deteriorates upon taking
                  | damage. [an orb of fire]
 65984 | Zot:5    | Gained mutation: You are very dopey. (Int -4) [an orb of
                  | fire]
 65989 | Zot:5    | Killed an orb of fire
 65989 | Zot:5    | Killed an orb of fire
 65989 | Zot:5    | Killed from afar by an ancient lich

Illustrated notes

Levels and vault maps discovered:
D:1:      dpeg_arrival_windows_large_door, layout_basic, amethyst_killhole,
          minmay_crystal_room
D:2:      layout_basic, chequers_ecumenical_altar_grove,
          uniq_crazy_yiuf_cottage, uniq_natasha
D:3:      layout_rooms, serial_park_tiny_2
D:4:      layout_loops_ring
D:5:      layout_loops_corners, serial_shops, shop, lemuel_statue_altar
D:6:      layout_loops_cross, serial_shops, shop_statue, basic_altar
D:7:      layout_loops_ring, lemuel_crystal_altar,
          minmay_temple_entry_purple_smoke
D:8:      layout_rooms
D:9:      layout_cave_pools, david_lair_generic, gammafunk_ghost_arena,
          uniq_erica
D:10:     layout_stronghold, serial_shops, shop_statue
D:11:     layout_rooms, special_room [special_room_orc]
D:12:     layout_irregular_city, minmay_orc_entry_guard_dogs
D:13:     layout_rooms, grunt_ministairs_12, nicolae_dithmenos_the_darkroom,
          uniq_kirke
D:14:     layout_basic, grunt_vaults_entry_tiered, kennysheep_nub, uniq_roxanne
D:15:     grunt_enter_depths_snipers, layout_layer_cave, grunt_decor_one_mirror,
          uniq_josephine, uniq_azrael
Temple:   minmay_crystal_snake_temple
Lair:1:   layout_misc_corridors, chequers_serial_rivers_small_a,
          infiniplex_staircase_pool
Lair:2:   layout_chaotic_city, minmay_swamp_entry_swarm,
          bobbens_dragon_lair_wall, lemuel_fruit_fields,
          infiniplex_staircase_pool_2, uniq_gastronok
Lair:3:   layout_loops_ring, serial_bayou_shore_a
Lair:4:   layout_long_grid, dummy_snake_entry, wad_woods_03, lemuel_fruit_tree,
          grunt_megastairs_2, serial_bayou_shore_b
Lair:5:   layout_cellular_growth, dpeg_slime_entry_corner
Lair:6:   due_jungle_book, layout_loops_ring, grunt_megastairs_5, uniq_sonja
Swamp:1:  cheibrodos_swamp_monstrosity, layout_basic_swamp,
          hangedman_swamp_ruin_wall, uniq_frances, uniq_aizul
Swamp:2:  layout_basic_swamp, evilmike_swamp_ruin_house_4, uniq_jorgrun
Swamp:3:  cheibrodos_swamp_heart_of_darkness, layout_basic_swamp,
          hangedman_swamp_diagram, swamp_pool4
Swamp:4:  swamp_old_school, layout_basic_swamp
Snake:1:  layout_gridlike, st_stairs_5, nicolae_snake_round_shape_thing,
          grunt_ministairs_13
Snake:2:  layout_layer_cave, gammafunk_ghost_grave, serial_bayou_lake_a,
          serial_bayou_shore_b
Snake:3:  layout_rooms, serial_shops, nicolae_shop_behind_doors, uniq_bai_suzhen
Snake:4:  snake_pit, layout_cave_town
Orc:1:    layout_diamond_mine
Orc:2:    st_orc_town, layout_caves
Vaults:1: st_greater_box_5, ontoclasm_vaults_idyll, v_misc_13,
          hangedman_vaults_locks, v_pattern_4, nicolae_vaults_little_squares_5,
          layout_vaults_omnigrid, uniq_saint_roka
Vaults:2: nicolae_vaults_disjoint_gnomons, v_alt_pattern_6,
          hangedman_vaults_stagger, nicolae_vaults_quadrants, v_alt_pattern_6,
          vaults_room_boxed, v_pattern_2, ontoclasm_vaults_decontamination,
          nicolae_vaults_theta, vaults_room_pools, layout_vaults_maze_snakey
Vaults:3: v_misc_26, minmay_crypt_entry_necro_gods, v_alt_pattern_1,
          vaults_mumra_minichess_inversion, nicolae_vaults_border_crossing,
          hangedman_vaults_snaps, nicolae_vaults_yaktaur_gun_rack,
          ontoclasm_vaults_idyll, hangedman_vaults_maws,
          nicolae_vaults_c_with_doors, hangedman_vaults_impose,
          layout_vaults_big_room, uniq_mara
Vaults:4: nicolae_vaults_network_square, v_pattern_1, vaults_mumra_hexcomb,
          hangedman_vaults_slither, st_eye,
          vaults_standard_mumra_enter_the_diamond, v_misc_17,
          grunt_vaults_twisty, nicolae_vaults_hallways_thing,
          layout_vaults_omnibox, serial_hangedman_research,
          hangedman_research_convocations, hangedman_research_toxicology,
          hangedman_research_thanatology, enter_trove_0
Vaults:5: serial_shops
Crypt:1:  layout_gridlike, grunt_ministairs_2
Crypt:2:  layout_gridlike, minivault_26, grunt_megastairs_1
Crypt:3:  quadcrypt_mu, uniq_sojobo
Tomb:1
Depths:1: layout_gridlike, serial_shops, nicolae_shop_crystal, pf_coc_iceberg,
          chequers_jeans, abyss_entry, minmay_fountain_box, dk_noncrumbling_3,
          hangedman_abyss_or_decor_stabs, minmay_metal_thing
Depths:2: minmay_textured_paths, layout_cave_shapes, hell_entry,
          infiniplex_staircase_star, minmay_fire_ice_demons
Depths:3: dpeg_oklob_gauntlet, layout_basic, kennysheep_nondescript,
          grunt_pan_entry_in_and_out, grunt_hell_entry_dis_old,
          serial_bayou_pond_c
Depths:4: minmay_the_grid_square_5x5_4x4 [minmay_the_grid_square_5x5_hourglass,
          minmay_the_grid_square_5x5_beaten_path,
          minmay_the_grid_square_5x5_dogpile,
          minmay_the_grid_square_5x5_longway,
          minmay_the_grid_square_5x5_gyroscope,
          minmay_the_grid_square_5x5_prize_gold,
          minmay_the_grid_square_5x5_prize_junk,
          minmay_the_grid_square_5x5_trominoes,
          minmay_the_grid_square_5x5_minivault,
          minmay_the_grid_square_5x5_prize_snowflake,
          minmay_the_grid_square_5x5_prize_rear_guard,
          minmay_the_grid_square_5x5_percent, minmay_the_grid_square_5x5_plus,
          minmay_the_grid_square_5x5_c, minmay_the_grid_square_5x5_six,
          minmay_the_grid_square_5x5_bite], layout_basic, enter_ziggurat_b,
          abyss_entry_flame_altar, serial_shops, shop, hell_entry
Depths:5: lemuel_castle_with_subvaults [lemuel_castle_interior_original],
          layout_cross, lightli_too_deep, rand_demon_pan_entry_3,
          serial_bayou_pond_a, uniq_frederick
Zot:1:    layout_basic
Zot:2:    layout_cellular_growth
Zot:3:    layout_concentric_octagons
Zot:4:    layout_basic
Zot:5:    layout_gridlike

Skill      XL: |  1  2  3  4  5  6  7  8  9 10 11 12 13 14 15 16 17 18 19 20 21 22 23 24 25 26 27 |
---------------+----------------------------------------------------------------------------------+-----
Shields        | 4 5 6 7 8 9 10 11 13 16 18 19 20 21 22 23 24 26 | 26.7
Fighting       | 4 5 6 7 8 9 10 12 13 15 16 18 19 21 22 23 24 25 26 27 | 27.0
Armour         | 4 5 7 8 9 10 12 13 15 18 19 20 21 22 23 25 27 | 27.0
Axes           | 3 5 6 8 10 11 12 13 16 17 18 19 20 22 25 26 27 | 27.0
Dodging        | 1 2 4 5 7 8 10 11 12 13 15 16 | 16.0
Invocations    | 2 4 7 8 |  8.0

Action                   |  1- 3 |  4- 6 |  7- 9 | 10-12 | 13-15 | 16-18 | 19-21 | 22-24 | 25-27 || total
-------------------------+-------+-------+-------+-------+-------+-------+-------+-------+-------++-------
Melee: War axe           |    89 |   160 |    37 |   470 |   238 |       |       |       |       ||   994
       Headbutt          |    11 |    23 |    74 |   165 |   284 |   289 |   329 |   418 |   253 ||  1846
       Broad axe         |       |       |    39 |       |   850 |  1245 |  1039 |  1374 |   837 ||  5384
       Dagger            |       |       |   165 |   121 |       |       |       |       |       ||   286
       Unarmed           |       |       |       |     2 |       |       |       |       |       ||     2
Throw: Dart              |       |       |       |       |       |     2 |       |       |       ||     2
Invok: Heroism           |       |       |       |     3 |     5 |    11 |     4 |     5 |     5 ||    33
       Finesse           |       |       |       |       |     3 |     7 |     3 |     2 |     4 ||    19
Evoke: Wand              |       |       |       |       |     4 |       |       |       |       ||     4
  Use: Scroll            |       |     5 |     1 |    20 |     5 |    10 |    14 |    21 |    14 ||    90
       Potion            |       |       |     2 |       |     2 |    11 |       |     4 |    10 ||    29
 Stab: Confused          |       |       |       |       |       |     1 |       |       |     5 ||     6
Armor: Scale mail        |    52 |    69 |    48 |       |       |       |       |       |       ||   169
       Plate armour      |       |       |    73 |   279 |    79 |       |       |       |       ||   431
       Ring mail         |       |       |     7 |       |       |       |       |       |       ||     7
       Chain mail        |       |       |     5 |       |       |       |       |       |       ||     5
       Crystal plate arm |       |       |       |       |   370 |   782 |   362 |   514 |       ||  2028
       Ice dragon scales |       |       |       |       |       |     7 |       |       |       ||     7
       Skin              |       |       |       |       |       |     5 |       |       |       ||     5
       Fire dragon scale |       |       |       |       |       |       |       |    22 |   106 ||   128
       Gold dragon scale |       |       |       |       |       |       |       |       |   250 ||   250
Dodge: Dodged            |    24 |    47 |   116 |   208 |   216 |   460 |   208 |   343 |   301 ||  1923
       Repelled          |       |       |       |       |     6 |    32 |       |       |       ||    38
Block: Kite shield       |    44 |    79 |   190 |   446 |   645 |   962 |   583 |   910 |   689 ||  4548

Table legend: (Time is in decaauts)
 A = Elapsed time spent in this place.
 B = Non-inter-level travel time spent in this place.
 C = Inter-level travel time spent in this place.
 D = Time resting spent in this place.
 E = Time spent auto-exploring this place.
 F = Levels seen in this place.
 G = Mean time per level.
                   A        B        C        D        E       F      G
               +--------+--------+--------+--------+--------+-----+--------+
         Total |  65225 |  57438 |   7787 |   4121 |  41705 |  53 | 1230.7 |
       Dungeon |  14566 |  12348 |   2218 |    458 |   8960 |  15 |  971.1 |
        Temple |    119 |     78 |     41 |      0 |     68 |   1 |  119.0 |
          Lair |   6014 |   5421 |    593 |    100 |   4198 |   6 | 1002.3 |
         Swamp |   6154 |   5848 |    306 |    758 |   4132 |   4 | 1538.5 |
     Snake Pit |   4382 |   4137 |    245 |    326 |   2961 |   4 | 1095.5 |
  Orcish Mines |   1593 |   1323 |    270 |      0 |    978 |   2 |  796.5 |
        Vaults |  12246 |  10633 |   1613 |    236 |   8247 |   5 | 2449.2 |
         Crypt |   4430 |   3262 |   1168 |      2 |   2569 |   3 | 1476.7 |
          Tomb |   1950 |   1855 |     95 |    785 |    801 |   1 | 1950.0 |
        Depths |   7865 |   7073 |    792 |    662 |   5168 |   5 | 1573.0 |
           Zot |   5752 |   5311 |    441 |    793 |   3606 |   5 | 1150.4 |
         Abyss |    147 |    147 |      0 |      0 |     13 |   2 |   73.5 |
               +--------+--------+--------+--------+--------+-----+--------+

Top non-repeatable levels by time:
Vaults:5: 2965 daAuts
Vaults:1: 2799 daAuts
 Crypt:3: 2575 daAuts
Vaults:3: 2390 daAuts
    D:14: 2099 daAuts
Vaults:4: 2054 daAuts
Vaults:2: 2036 daAuts
  Tomb:1: 1950 daAuts
   Zot:1: 1936 daAuts
 Swamp:4: 1909 daAuts
 Swamp:3: 1825 daAuts
Depths:4: 1805 daAuts
Depths:5: 1779 daAuts
  Lair:6: 1721 daAuts
Depths:2: 1710 daAuts
